 Crawl Stoat Soup version 0.23-s1-343-g37d8a3a299 (console) character file.

728 damerell the Poker (level 7, -3/43 HPs)
             Began as a Tengu Abyssal Knight on July 24, 2022.
             Was a Believer of Lugonu.
             Slain by an ice beast (12 damage)
             ... on level 5 of the Dungeon.
             The game lasted 00:19:36 (4833 turns).

damerell the Poker (Tengu Abyssal Knight)           Turns: 4833, Time: 00:19:36

Health: -3/43      AC:  9    Str: 14    XL:     7   Next: 72%
Magic:  9/9        EV: 12    Int: 13    God:    Lugonu [**....]
Gold:   272        SH:  9    Dex: 18    Spells: 6/6 levels left

rFire    . . .     SeeInvis .   A - +1 spear
rCold    . . .     Gourm    .   B - +0 shield
rNeg     . . .     Faith    .   f - +0 chain mail
rPois    .         Spirit   .   (helmet restricted)
rElec    .         Warding  .   (no cloak)
rCorr    .         Reflect  .   (no gloves)
MR       .....     Harm     .   (boots unavailable)
Stlth    ..........             (no amulet)
HPRegen  0.14/turn              (no ring)
MPRegen  0.11/turn              (no ring)

@: agile, flying quickly and evasively, quick
A: beak, talons 3, able to fly
a: Stop Flying, Depart the Abyss, Bend Space, Renounce Religion


You were on level 5 of the Dungeon.
You worshipped Lugonu.
Lugonu was pleased with you.
You were not hungry.

You visited 1 branch of the dungeon, and saw 5 of its levels.
You visited the Abyss 1 time.

You collected 272 gold pieces.

Inventory:

Hand Weapons
 a - a +0 trident of freezing
   (You found it on level 4 of the Dungeon)
 u - a +0 trident
   (You took it off an orc on level 3 of the Dungeon)
 A - a +1 spear (weapon)
Missiles
 g - 90 stones (quivered)
 i - 14 poisoned darts
 k - 83 arrows
 r - 7 datura-tipped darts
 v - 48 sling bullets
 x - a boomerang
Armour
 b - a +0 leather armour
 f - a +0 chain mail (worn)
   (You found it on level 1 of the Dungeon)
 B - a +0 shield (worn)
   (You found it on level 4 of the Dungeon)
Jewellery
 h - an uncursed ring of fire
   (You found it on level 1 of the Dungeon)
Wands
 D - a wand of clouds (5 charges)
 F - a wand of flame (27 charges)
Scrolls
 d - a scroll of noise {unknown}
 e - a scroll of enchant armour {unknown}
 o - 3 scrolls of remove curse
 t - 3 scrolls of teleportation
 y - a scroll of enchant weapon {unknown}
 C - a scroll of random uselessness {unknown}
 E - a scroll of brand weapon {unknown}
Potions
 j - 2 potions of cancellation
 l - 2 potions of agility
 m - a potion of haste {unknown}
 n - a potion of heal wounds
 q - a potion of mutation
 s - a potion of brilliance {unknown}
 w - a potion of curing
 z - a potion of magic {unknown}
Comestibles
 c - 3 bread rations
 p - 2 meat rations


   Skills:
 - Level 4.0 Fighting
 + Level 4.5 Polearms
 + Level 4.3 Armour
 - Level 4.3 Dodging
 - Level 2.2 Stealth
 + Level 2.7 Shields
 - Level 2.0 Invocations
 + Level 0.7 Evocations


You had 6 spell levels left.
You didn't know any spells.
Your spell library was empty.

Dungeon Overview and Level Annotations

Branches:
Dungeon (5/15)
 Temple: D:4-7

Altars:
Ashenzari
Makhleb
Qazlal
Vehumet
Zin

Annotations:
D:5 Menkaure


Innate Abilities, Weirdness & Mutations

You have a beak for a mouth.
You have claws for feet.
You can fly continuously.


Message History

Found a spear.
k - 83 arrows (gained 16)
Found a ring mail.
An ice beast comes into view.
The ice beast moves out of view.
A centaur comes into view.
The centaur shouts!
The centaur wields a shortbow.
The centaur shoots an arrow.
The arrow hits you.
You see here a meat ration.
Unknown command.
The centaur shoots an arrow.
The arrow completely misses you.
A goliath beetle comes into view.
The centaur shoots an arrow.
You block the arrow.
You see here an arrow.
Attack whom?
Press: ? - help, Dir - move target cursor, f - centaur
Aim: a centaur, wielding a shortbow You reach to attack!
You hit the centaur. You freeze the centaur.
The centaur is moderately wounded.
The centaur shoots an arrow.
You block the arrow.
The centaur shoots an arrow.
You block the arrow.
Attack whom?
Press: ? - help, Dir - move target cursor, f/p - centaur
Aim: a centaur, wielding a shortbow (moderately wounded)
You reach to attack!
You hit the centaur but do no damage.
The centaur is moderately wounded.
The centaur shoots an arrow.
The arrow hits you.
Attack whom?
Press: ? - help, Dir - move target cursor, f/p - centaur
Aim: a centaur, wielding a shortbow (moderately wounded)
You reach to attack!
You puncture the centaur! You freeze the centaur.
The centaur is severely wounded.
The centaur shoots an arrow.
The arrow hits you.
The centaur shoots an arrow.
The arrow hits you but does no damage.
Attack whom?
Press: ? - help, Dir - move target cursor, f/p - centaur
Aim: a centaur, wielding a shortbow (severely wounded)
You reach to attack!
You barely miss the centaur.
The centaur is severely wounded.
The centaur unwields an uncursed shortbow.
The centaur hits you but does no damage.
You closely miss the centaur.
The centaur is severely wounded.
The centaur hits you but does no damage.
Your shield prevents you from hitting the centaur.
Your kick misses the centaur. You peck the centaur.
The centaur is severely wounded.
The centaur hits you.
The centaur hits you but does no damage.
Your chain mail prevents you from hitting the centaur.
The centaur is severely wounded.
The centaur hits you. The ice beast hits you. The ice beast freezes you!
You block the centaur's attack.
The ice beast hits you but does no damage.
Unknown command.
You closely miss the centaur. You claw the centaur, but do no damage.
You peck the centaur, but do no damage.
The centaur is severely wounded.
The centaur hits you.
* * * LOW HITPOINT WARNING * * *
You block the centaur's attack. You block the ice beast's attack.
Unknown command.
You feel much better.
The centaur hits you but does no damage.
You block the ice beast's attack. The centaur hits you.
You feel agile all of a sudden. The centaur hits you.
The ice beast hits you but does no damage.
You puncture the centaur! You freeze the centaur.
You kill the centaur!
Lugonu accepts your kill. You block the ice beast's attack.
Unknown command.
You barely miss the ice beast. You claw the ice beast.
The ice beast is lightly wounded.
You block the ice beast's attack.
Your shield and chain mail prevent you from hitting the ice beast.
Your kick misses the ice beast.
The ice beast is lightly wounded.
The ice beast hits you. The ice beast freezes you!
* * * LOW HITPOINT WARNING * * *
Press: ? - help, v - describe, . - travel
Here: an ice beast (lightly wounded)
The floor.
Press: ? - help, v - describe, . - travel The floor.
Unknown command.
Wield which item (- for none, * to show all)? (? for menu, Esc to quit)
Your +0 trident of freezing stops glowing.
A - a +1 spear (weapon)
You hit the ice beast.
You claw the ice beast, but do no damage.
The ice beast is moderately wounded.
The ice beast hits you but does no damage.
You hit the ice beast. You claw the ice beast. You peck the ice beast.
The ice beast is heavily wounded.
The ice beast hits you.
* * * LOW HITPOINT WARNING * * *
The ice beast freezes you!
You die...

#. #.####.#######.#####
#. #.Y@........<.......
#. #.##...###.## ######
#.##.#.# #.# #
##.##.#.# #.#
#.#.......# #.#
#...#.....###.#
###......#.##.#########
.........>.)...........
##########.######.#####
### #.##### #......
#######


You could see an ice beast.

Vanquished Creatures
  Grinder (D:5)
  An ogre (D:4)
  2 centaurs (D:5)
  2 hounds (D:5)
  Ijyb (D:5)
  A worker ant (D:5)
  A hound skeleton (D:4)
  8 adders
  A shadow imp (D:5)
  A worm (D:3)
  2 leopard geckos
  5 orcs
  2 giant cockroaches
  5 goblins
  6 hobgoblins
  4 jackals
  2 weasels
  4 bats
  7 frilled lizards
  10 kobolds
  2 rats
  A weasel zombie (D:5)
69 creatures vanquished.

Notes
Turn   | Place    | Note
-------+----------+-------------------------------------------
     0 | Abyss:1  | damerell the Tengu Abyssal Knight began the quest for the
                  | Orb.
     0 | Abyss:1  | Reached XP level 1. HP: 14/14 MP: 3/3
    10 | D:1      | Escaped the Abyss
   158 | D:1      | Reached XP level 2. HP: 19/19 MP: 4/4
   561 | D:2      | Reached XP level 3. HP: 20/23 MP: 5/5
   664 | D:2      | Reached ** piety under Lugonu
   744 | D:2      | Found a glowing silver altar of Zin.
   744 | D:2      | Found a burning altar of Makhleb.
   749 | D:2      | Noticed an Executioner
   749 | D:2      | Noticed an angel
   760 | D:2      | HP: 7/23 [poisoned by an adder]
   767 | D:2      | HP: 5/23 [poisoned by an adder]
   775 | D:2      | HP: 4/23 [poisoned by an adder]
  1161 | D:2      | Reached XP level 4. HP: 23/28 MP: 6/6
  2282 | D:3      | Found a stormy altar of Qazlal.
  2710 | D:3      | Found a radiant altar of Vehumet.
  2710 | D:3      | Found a shattered altar of Ashenzari.
  2960 | D:4      | Gained mutation: You can fly continuously. [Tengu growth]
  2960 | D:4      | Reached XP level 5. HP: 32/32 MP: 7/7
  3165 | D:4      | Noticed an ogre
  3172 | D:4      | HP: 7/32 [ogre/giant club (25)]
  3197 | D:4      | Killed an ogre
  3725 | D:4      | Reached XP level 6. HP: 37/37 MP: 8/8
  4000 | D:5      | Entered Level 5 of the Dungeon
  4000 | D:5      | Noticed Ijyb
  4011 | D:5      | Killed Ijyb
  4028 | D:5      | Reached skill level 1 in Stealth
  4054 | D:5      | Noticed Grinder
  4060 | D:5      | Reached skill level 1 in Shields
  4085 | D:5      | Paralysed by Grinder for 4 turns
  4086 | D:5      | HP: 6/37 [Grinder (7)]
  4091 | D:5      | Noticed Menkaure
  4093 | D:5      | Paralysed by Grinder for 5 turns
  4101 | D:5      | Killed Grinder
  4101 | D:5      | Reached XP level 7. HP: 16/42 MP: 9/9
  4815 | D:5      | HP: 11/43 [ice beast (12)]
  4823 | D:5      | HP: 10/43 [ice beast (10)]
  4833 | D:5      | HP: 9/43 [ice beast (3)]
  4833 | D:5      | Slain by an ice beast

Vault maps used:
D:1:      dpeg_arrival_shelter
D:2:      grunt_temple_overflow_order_and_chaos_2, first_bread
D:3:      nicolae_qazlal_eye_of_the_storm, gammafunk_temple_overflow_elements,
          st_stairs_14, minmay_misc_feat_diagonals
D:4:      minmay_crossroads
D:5:      grunt_gozag_statues, uniq_ijyb, uniq_menkaure, uniq_grinder
Abyss:1:  grunt_abyss_exit_deep_breaths

Skill      XL: |  1  2  3  4  5  6  7 |
---------------+----------------------+-----
Dodging        | 2 3 4 |  4.3
Polearms       | 3 4 |  4.5
Armour         | 3 4 |  4.3
Invocations    | 2 |  2.0
Stealth        | 2 |  2.2
Shields        | 2 |  2.7
Fighting       | 4 |  4.0
Evocations     | |  0.7

Action                   |  1- 3 |  4- 6 |  7- 9 || total
-------------------------+-------+-------+-------++-------
Melee: Spear             |    62 |    81 |     2 ||   145
       Kick              |     6 |    24 |     8 ||    38
       Peck              |     4 |    17 |     5 ||    26
       Trident           |       |    51 |    31 ||    82
Throw: Stone             |    24 |    54 |     3 ||    81
       Dart              |       |     7 |       ||     7
Invok: Bend Space        |       |     1 |       ||     1
 Abil: Fly               |       |     1 |       ||     1
  Use: Scroll            |     2 |     6 |       ||     8
       Potion            |       |     2 |     2 ||     4
 Stab: Distracted        |       |       |     1 ||     1
  Eat: Chunk             |     1 |     5 |       ||     6
       Fruit             |       |     1 |       ||     1
       Meat ration       |       |     1 |       ||     1
Armor: Leather armour    |     2 |       |       ||     2
       Chain mail        |    18 |    46 |    12 ||    76
Dodge: Dodged            |    13 |    17 |     5 ||    35
Block: Shield            |       |    12 |    13 ||    25

Table legend:
 A = Spawn XP
 B = Non-spawn XP
 C = Spawn XP percentage of total XP
 D = Spawn monster count
 E = Non-spawn monster count
 F = Spawn count percentage of total count
 G = Total turns spent on level
                    A         B        C        D         E        F      G
               +---------+---------+-------+---------+---------+-------+---------
         Total |      76 |     965 |   7.3 |      16 |      53 |  23.2 |  4833
               +---------+---------+-------+---------+---------+-------+---------
           D:1 |       3 |      22 |  12.0 |       3 |      15 |  16.7 |   457
           D:2 |      30 |      50 |  37.5 |       5 |      10 |  33.3 |  1269
           D:3 |      20 |      38 |  34.5 |       5 |      12 |  29.4 |  1188
           D:4 |      23 |     154 |  13.0 |       3 |       6 |  33.3 |  1076
           D:5 |       0 |     701 |   0.0 |       0 |      10 |   0.0 |   833
               +---------+---------+-------+---------+---------+-------+---------
